[Event "WYCC U16 Girls 2019"]
[Site "Mumbai"]
[Date "2019.10.05"]
[Round "5.10"]
[White "Poorna, Sri M.K"]
[Black "Hajiyeva, Laman"]
[Result "1/2-1/2"]
[ECO "C13"]
[WhiteElo "1787"]
[BlackElo "2038"]
[Annotator "NA RC"]
[PlyCount "84"]
[EventDate "2019.10.02"]
[EventType "swiss"]
[EventCountry "IND"]
[SourceTitle "playchess.com"]
[Source "ChessBase"]
[SourceQuality "1"]
[TimeControl "5400+30"]

1. e4 e6 2. d4 d5 3. Nc3 Nf6 4. Bg5 Be7 5. e5 Nfd7 6. h4 h6 7. Bxe7 Qxe7 8. f4 a6 {C14: French: Classical System: 4 Bg5 Be7 main line} 9. Nf3 c5 10. Qd2 Nc6 11. Ne2 (11. Bd3 b6 12. Nd1 cxd4 13. Nf2 Nc5 14. Be2 Bd7 15. O-O-O Rc8 16. Kb1 O-O 17. g4 Rfd8 18. Nxd4 Nxd4 19. Qxd4 Bb5 20. Bd3 Bc4 21. Bxc4 {½-½ (21) Liang,A (2599)-Moradiabadi,E (2537) Greensboro 2019}) 11... b5 12. g4 Bb7 13. Ng3 f6 $146 ({Predecessor:} 13... cxd4 14. Nxd4 Nxd4 15. Qxd4 {½-½ (41) Hallenberg,S (2155)-Eloranta,K (2030) Finland 2008}) 14. O-O-O fxe5 15. dxe5 O-O-O 16. h5 Rhe8 17. g5 Nb6 18. gxh6 gxh6 19. f5 $15 Qg7 20. Qf4 Qf8 21. Nh4 c4 22. f6 Na4 23. f7 Nxe5 24. Qxe5 Qxf7 25. Bh3 c3 26. bxc3 Qe7 27. Rhe1 Qxh4 28. Bxe6+ Rxe6 29. Qxe6+ Kb8 30. Qe5+ Ka8 31. Rd4 Qh2 32. Nf5 Qxh5 33. Rf4 Qg5 34. Ref1 Rc8 35. Qe3 Rxc3 36. Qd2 Rc8 37. Nd6 Rc7 38. Qe3 Nc5 39. Nxb7 Kxb7 40. Kb1 Ne4 41. Qd3 Nc3+ 42. Kb2 Ne4 1/2-1/2

[Event "WYCC U16 Girls 2019"]
[Site "Mumbai"]
[Date "2019.10.05"]
[Round "5.10"]
[White "Poorna Sri M.K"]
[Black "Hajiyeva, Laman"]
[Result "*"]
[ECO "C13"]
[WhiteElo "1787"]
[BlackElo "2038"]
[Annotator "NA"]
[PlyCount "40"]
[EventDate "2019.10.02"]
[EventType "swiss"]
[EventCountry "IND"]
[SourceTitle "playchess.com"]
[Source "ChessBase"]
[SourceQuality "1"]
[TimeControl "5400+30"]

1. e4 e6 2. d4 d5 3. Nc3 Nf6 4. Bg5 Be7 5. e5 Nfd7 6. h4 h6 7. Bxe7 Qxe7 8. f4 a6 {C14: French: Classical System: 4 Bg5 Be7 main line} 9. Nf3 c5 10. Qd2 Nc6 11. Ne2 (11. Bd3 b6 12. Nd1 cxd4 13. Nf2 Nc5 14. Be2 Bd7 15. O-O-O Rc8 16. Kb1 O-O 17. g4 Rfd8 18. Nxd4 Nxd4 19. Qxd4 Bb5 20. Bd3 Bc4 21. Bxc4 {½-½ (21) Liang,A (2599)-Moradiabadi,E (2537) Greensboro 2019}) 11... b5 12. g4 Bb7 13. Ng3 f6 $146 ({Predecessor:} 13... cxd4 14. Nxd4 Nxd4 15. Qxd4 {½-½ (41) Hallenberg,S (2155)-Eloranta,K (2030) Finland 2008}) 14. O-O-O fxe5 15. dxe5 O-O-O 16. h5 Rhe8 17. g5 Nb6 18. gxh6 gxh6 19. f5 $15 Qg7 20. Qf4 Qf8 *

[Event "WYCC U16 Girls 2019"]
[Site "Mumbai"]
[Date "2019.10.05"]
[Round "5.11"]
[White "Jain, Nityata"]
[Black "Nanditha, V."]
[Result "1-0"]
[ECO "B15"]
[WhiteElo "2029"]
[BlackElo "1800"]
[Annotator "NA RC"]
[PlyCount "129"]
[EventDate "2019.10.02"]
[EventType "swiss"]
[EventCountry "IND"]
[SourceTitle "playchess.com"]
[Source "ChessBase"]
[SourceQuality "1"]
[TimeControl "5400+30"]

1. e4 c6 2. d4 d5 3. Nc3 dxe4 4. Nxe4 Nf6 5. Nxf6+ exf6 6. c3 Bd6 7. Bd3 O-O 8. Qc2 Re8+ {B15: Caro-Kann: 3 Nc3: 3...g6 and 3...dxe4 4 Nxe4 Nf6 5 Nxf6+ exf6} 9. Ne2 h5 10. Be3 h4 (10... Nd7 11. Ng3 Bf4 12. O-O-O Bxe3+ 13. fxe3 Rxe3 14. Rde1 Rxe1+ 15. Rxe1 Nf8 16. Nxh5 {½-½ (36) Mamedov,R (2650)-Cheparinov,I (2667) Hengshui 2019}) 11. O-O-O Be6 12. c4 Na6 $146 ({Predecessor:} 12... a5 13. Nc3 Na6 14. a3 Qb8 15. Qe2 f5 16. Qh5 {½-½ (36) Shevchenko,K (2549)-Gumularz,S (2441) Porto Carras 2018}) 13. a3 Rc8 14. Nc3 Nc7 15. Bf5 Qd7 16. Bxe6 Qxe6 17. c5 Bf8 18. Rhe1 Qd7 19. Qb3 Nd5 20. Nxd5 cxd5 21. Kb1 Rc6 22. Qc2 b6 23. b4 $11 b5 24. Kb2 g6 25. Qd3 Rce6 26. Qc3 a6 27. h3 R8e7 28. Bf4 Qe8 29. Rxe6 Rxe6 30. Rc1 Qc6 31. Re1 Bg7 32. Rxe6 fxe6 33. Bd6 Kf7 34. Qe3 Qe8 35. Qf4 g5 36. Qf3 Kg8 37. Kb3 Qg6 38. Kb2 Qe8 39. Kb3 Qg6 40. Qd1 Qe8 41. Qc2 Qc6 42. Qg6 Qa8 43. Be7 Kh8 44. Bxf6 Bxf6 45. Qxf6+ Kh7 46. Qxg5 a5 47. Qxh4+ Kg6 48. Qg3+ Kh6 49. Qe3+ Kg7 50. Qe5+ Kh7 51. Qc7+ Kg6 52. bxa5 b4 53. axb4 Qa6 54. Qg3+ Kf6 55. Qc3 Qc6 56. Qd3 e5 57. dxe5+ Kxe5 58. Qe3+ Kf5 59. g4+ Kg6 60. f4 d4 61. f5+ Kh7 62. Qe7+ Kh8 63. Qf8+ Kh7 64. Qf7+ Kh8 65. Qh5+ 1-0

[Event "WYCC U16 Girls 2019"]
[Site "Mumbai"]
[Date "2019.10.05"]
[Round "5.11"]
[White "Jain Nityata"]
[Black "Nanditha V"]
[Result "*"]
[ECO "B15"]
[WhiteElo "2029"]
[BlackElo "1800"]
[Annotator "NA"]
[PlyCount "51"]
[EventDate "2019.10.02"]
[EventType "swiss"]
[EventCountry "IND"]
[SourceTitle "playchess.com"]
[Source "ChessBase"]
[SourceQuality "1"]
[TimeControl "5400+30"]

1. e4 c6 2. d4 d5 3. Nc3 dxe4 4. Nxe4 Nf6 5. Nxf6+ exf6 6. c3 Bd6 7. Bd3 O-O 8. Qc2 Re8+ {B15: Caro-Kann: 3 Nc3: 3...g6 and 3...dxe4 4 Nxe4 Nf6 5 Nxf6+ exf6} 9. Ne2 h5 10. Be3 h4 (10... Nd7 11. Ng3 Bf4 12. O-O-O Bxe3+ 13. fxe3 Rxe3 14. Rde1 Rxe1+ 15. Rxe1 Nf8 16. Nxh5 {½-½ (36) Mamedov,R (2650)-Cheparinov,I (2667) Hengshui 2019}) 11. O-O-O Be6 12. c4 Na6 $146 ({Predecessor:} 12... a5 13. Nc3 Na6 14. a3 Qb8 15. Qe2 f5 16. Qh5 {½-½ (36) Shevchenko,K (2549)-Gumularz,S (2441) Porto Carras 2018}) 13. a3 Rc8 14. Nc3 Nc7 15. Bf5 Qd7 16. Bxe6 Qxe6 17. c5 Bf8 18. Rhe1 Qd7 19. Qb3 Nd5 20. Nxd5 cxd5 21. Kb1 Rc6 22. Qc2 b6 23. b4 $11 b5 24. Kb2 g6 25. Qd3 Rce6 26. Qc3 *

[Event "WYCC U16 Girls 2019"]
[Site "Mumbai"]
[Date "2019.10.05"]
[Round "5.12"]
[White "Dahampriya, H K T Dewnethmie"]
[Black "Golsta, Madara"]
[Result "1-0"]
[ECO "B77"]
[WhiteElo "1629"]
[BlackElo "1987"]
[Annotator "NA RC"]
[PlyCount "98"]
[EventDate "2019.10.02"]
[EventType "swiss"]
[EventCountry "IND"]
[SourceTitle "playchess.com"]
[Source "ChessBase"]
[SourceQuality "1"]
[TimeControl "5400+30"]

1. e4 c5 2. Nf3 d6 3. d4 cxd4 4. Nxd4 Nf6 5. Nc3 g6 6. f3 Bg7 7. Be3 Nc6 8. Qd2 O-O 9. Bc4 Bd7 10. Bb3 Na5 11. Bh6 {[%emt 0:00:18] B77: Sicilian Dragon: Yugoslav Attack, 9 Bc4 sidelines} (11. h4 h5 12. Bh6 Nxb3 13. axb3 Bxh6 14. Qxh6 e5 15. Nde2 b5 16. g4 b4 17. Nd5 Nxd5 18. exd5 Qf6 19. gxh5 Qxf3 20. hxg6 Qxh1+ 21. Kd2 Qxd5+ 22. Ke3 Qc5+ 23. Kd2 Qd5+ 24. Ke3 Qc5+ 25. Kd2 Qd5+ {½-½ (25) Vachier Lagrave,M (2780)-Sebenik,M (2540) chess.com INT 2019}) 11... Bxh6 12. Qxh6 e5 13. Nde2 Nxb3 14. cxb3 b5 15. b4 $146 ({Predecessor:} 15. O-O-O b4 16. Nd5 Nxd5 17. Rxd5 Be6 18. Rd3 Rc8+ {1-0 (45) Wantiez,F (2265)-Russo,B (1980) Charleroi 2006}) 15... a5 16. bxa5 b4 17. Nd1 Qxa5 18. Qd2 d5 19. Qg5 Ra6 20. exd5 e4 21. O-O Bb5 ({Much worse is} 21... Qxd5 $6 22. Qxd5 Nxd5 23. fxe4 $11) 22. Rf2 $17 Bxe2 23. Rxe2 exf3 24. Re5 fxg2 25. Kxg2 Rd6 26. Ne3 Re8 27. Rf1 Qd8 28. Rxe8+ Nxe8 29. Qxd8 Rxd8 30. Rf4 Rb8 31. Nc4 Rd8 32. Nb6 Nc7 33. Rxb4 Nxd5 34. Nxd5 Rxd5 35. a4 Kf8 36. Rb7 Ke8 37. b4 Rd2+ 38. Kg3 Ra2 39. a5 Ra4 40. Rb6 h5 41. a6 Kd7 42. Rb7+ Kc6 43. b5+ Kd5 44. Rxf7 Kc5 45. Rb7 g5 46. a7 Kc4 47. b6 Ra3+ 48. Kf2 Kd4 49. Re7 Kd5 1-0

[Event "WYCC U16 Girls 2019"]
[Site "Mumbai"]
[Date "2019.10.06"]
[Round "6.1"]
[White "Nurgali, Nazerke"]
[Black "Mahdian, Anousha"]
[Result "1/2-1/2"]
[ECO "D02"]
[WhiteElo "2194"]
[BlackElo "2103"]
[Annotator "ChessBase"]
[PlyCount "117"]
[EventDate "2019.10.02"]
[EventType "swiss"]
[EventCountry "IND"]
[SourceTitle "playchess.com"]
[Source "ChessBase"]
[SourceQuality "1"]
[TimeControl "5400+30"]

1. d4 d5 2. Nf3 e6 3. c4 a6 4. e3 Nf6 5. Nbd2 dxc4 6. Bxc4 c5 7. a4 Nc6 8. Nb3 cxd4 9. Nbxd4 Nxd4 10. Nxd4 Bb4+ 11. Bd2 Qa5 12. Nb3 Bxd2+ 13. Qxd2 Qxd2+ 14. Nxd2 Bd7 15. O-O O-O 16. Nf3 Bxa4 17. Rxa4 b5 18. Bxb5 axb5 19. Rb4 Rfb8 20. Nd4 Ra4 21. Rb3 Rc4 22. Rxb5 Rxb5 23. Nxb5 Rb4 24. Rc1 g6 25. Nd6 Rxb2 26. h3 Rd2 27. Nc4 Rd5 28. Ra1 Kg7 29. Ra7 Rd1+ 30. Kh2 Rd7 31. Ra2 Rd5 32. g3 Rc5 33. Nd2 Rd5 34. Kg2 Nd7 35. Nc4 Nf6 36. f4 Rc5 37. Ne5 Rc7 38. Kf3 h5 39. Ra3 Nd5 40. Rb3 Rc3 41. Rxc3 Nxc3 42. Nd7 Nd5 43. e4 Nc3 44. g4 hxg4+ 45. hxg4 f5 46. Nc5 Kf7 47. e5 Ke7 48. Nd3 Ne4 49. gxf5 gxf5 50. Ke3 Ng3 51. Nc5 Nh5 52. Kf3 Ng7 53. Nd3 Kf7 54. Ke3 Ke7 55. Nc1 Kd7 56. Kd4 Nh5 57. Ne2 Kc6 58. Kc4 Kb6 59. Kb4 1/2-1/2

[Event "WYCC U16 Girls 2019"]
[Site "Mumbai"]
[Date "2019.10.06"]
[Round "6.2"]
[White "Loskutova, Viktoriya"]
[Black "Garifullina, Leya"]
[Result "0-1"]
[ECO "B52"]
[WhiteElo "2149"]
[BlackElo "2330"]
[Annotator "ChessBase"]
[PlyCount "116"]
[EventDate "2019.10.02"]
[EventType "swiss"]
[EventCountry "IND"]
[SourceTitle "playchess.com"]
[Source "ChessBase"]
[SourceQuality "1"]
[TimeControl "5400+30"]

1. e4 c5 2. Nf3 d6 3. Bb5+ Bd7 4. c4 Nf6 5. Nc3 g6 6. d4 cxd4 7. Nxd4 Bg7 8. h3 O-O 9. O-O Bxb5 10. cxb5 Nbd7 11. Be3 d5 12. exd5 Nb6 13. Nde2 Nbxd5 14. Bd4 e6 15. Qb3 Nxc3 16. bxc3 Nd7 17. Bxg7 Kxg7 18. Rfd1 Qe7 19. c4 Rfc8 20. Rac1 Rc7 21. Qc3+ Qf6 22. Qe3 b6 23. Ng3 Qe5 24. Ne4 Nf6 25. Nxf6 Qxe3 26. fxe3 Kxf6 27. Rc3 Ke5 28. Kf2 Rac8 29. Rd4 h5 30. Ra3 g5 31. Ra6 f5 32. a4 g4 33. hxg4 hxg4 34. a5 Rxc4 35. Rxc4 Rxc4 36. axb6 axb6 37. Rxb6 Rb4 38. Rb8 Ke4 39. b6 e5 40. b7 Rb3 41. Kg3 Rxe3+ 42. Kh4 Rb3 43. Kg5 g3 44. Ra8 Rxb7 45. Ra4+ Ke3 46. Ra3+ Kf2 47. Ra2+ Kg1 48. Kxf5 Rf7+ 49. Kg4 Kh2 50. Re2 Rf4+ 51. Kh5 Kg1 52. Kg5 Kf1 53. Ra2 Rf2 54. Ra5 Re2 55. Kg4 Kxg2 56. Ra3 Re4+ 57. Kf5 Rb4 58. Kxe5 Kh2 {[%emt 0:00:00] Kd4} 0-1

[Event "WYCC U16 Girls 2019"]
[Site "Mumbai"]
[Date "2019.10.06"]
[Round "6.3"]
[White "Bommini Mounika Akshaya"]
[Black "Ciolacu, Alessia-Mihaela"]
[Result "1/2-1/2"]
[ECO "D35"]
[WhiteElo "2017"]
[BlackElo "2095"]
[Annotator "NA"]
[PlyCount "103"]
[EventDate "2019.10.02"]
[EventType "swiss"]
[EventCountry "IND"]
[SourceTitle "playchess.com"]
[Source "ChessBase"]
[SourceQuality "1"]
[TimeControl "5400+30"]

1. d4 Nf6 2. c4 e6 3. Nc3 d5 4. cxd5 exd5 5. Bg5 c6 6. e3 h6 7. Bh4 Bd6 {[%emt 0:01:01] D35: Queen's Gambit Declined: Exchange Variation} (7... Bf5 8. Qf3 Bh7 9. Bxf6 Qxf6 10. Qxf6 gxf6 11. Nge2 Nd7 12. Ng3 Nb6 13. O-O-O Bb4 14. Bd3 O-O 15. Nce2 Nc8 {½-½ (128) Yu,Y (2736)-Ganguly,S (2638) Changsha 2019}) 8. Bd3 Be6 9. Nf3 Nbd7 10. O-O O-O 11. Rc1 Qb8 $146 ({Predecessor:} 11... Re8 12. Qc2 Rc8 13. a3 Qc7 14. Bg3 Bxg3 15. hxg3 {0-1 (34) Raijmaekers,C (2267)-Pessoa,F (2547) ICCF email 2012}) 12. Bg3 Bxg3 13. hxg3 Qd6 14. Nh4 Rfe8 15. Bb1 a5 16. Qc2 Nb6 17. Rfe1 Bd7 18. Nf5 Qb4 19. Qe2 Nc4 20. b3 Nb6 $15 21. Qf3 Bxf5 22. Qxf5 Re6 23. g4 Rae8 24. Ne2 Ne4 25. Bxe4 Rxe4 26. Nf4 Qd6 27. Nd3 Nd7 28. Qf3 Qe7 29. Qd1 Qh4 30. Nf4 Nf6 31. g3 Qxg4 32. Qxg4 Nxg4 33. Rc5 Rxd4 34. Rxa5 Rd2 35. Re2 Rd1+ 36. Kg2 g5 37. Nh5 Kh7 38. Ra4 Kg6 39. Rxg4 Kxh5 40. Rb4 Re7 41. Rc2 g4 42. a4 f5 43. Rc5 Ra1 44. Ra5 Rb1 45. Ra8 c5 46. Rb6 Rg7 47. Rf8 Kg5 48. Rbf6 Rxb3 49. Rxf5+ Kg6 50. R8f6+ Kh7 51. Rxd5 Rc7 52. Rdd6 1/2-1/2

[Event "WYCC U16 Girls 2019"]
[Site "Mumbai"]
[Date "2019.10.06"]
[Round "6.4"]
[White "Mehendi Sil"]
[Black "Salonika, Saina"]
[Result "1/2-1/2"]
[ECO "A45"]
[WhiteElo "1812"]
[BlackElo "2051"]
[Annotator "NA"]
[PlyCount "68"]
[EventDate "2019.10.02"]
[EventType "swiss"]
[EventCountry "IND"]
[SourceTitle "playchess.com"]
[Source "ChessBase"]
[SourceQuality "1"]
[TimeControl "5400+30"]

1. d4 Nf6 2. Bf4 g6 3. Nc3 d5 4. e3 Bg7 5. h4 h5 (5... c6 6. Be2 Qb6 7. Rb1 h5 8. Nf3 Bg4 9. Ne5 Bxe2 10. Qxe2 Nbd7 11. Qf3 Qa6 {0-1 (32) Karjakin,S (2750)-Yu,Y (2752) Saint Louis 2019}) 6. Nb5 {[%emt 0:00:25] A45: Trompowsky Attack} Na6 7. Nf3 c6 8. Nc3 Nb8 9. Be2 O-O 10. Bxb8 $146 ({Predecessor:} 10. Ne5 Nbd7 11. Qd2 Nxe5 12. Bxe5 Ng4 13. Bxg7 Kxg7 14. f3 Nf6 15. O-O-O Qd6 16. Kb1 e5 17. dxe5 Qxe5 {0-1 (35) Ravi,T (2410)-Ziska,H (2533) Riga 2019}) 10... Rxb8 11. Ne5 Nd7 12. g4 Nxe5 13. dxe5 hxg4 14. Bxg4 Bxe5 15. Bxc8 Qxc8 16. Qe2 Kg7 17. h5 Rh8 18. O-O-O Qf5 19. Rdg1 Rh6 20. f4 Bf6 21. hxg6 Rxh1 22. Rxh1 fxg6 23. Qh2 Kf7 24. Qg2 Re8 $17 25. Ne2 e5 26. Rh7+ Bg7 27. Rh4 e4 28. c3 c5 29. Ng3 Qf6 30. Rg4 Rh8 31. Rg5 Rd8 32. Rg4 Rh8 33. Rg5 Rd8 34. Rg4 Rh8 1/2-1/2

[Event "WYCC U16 Girls 2019"]
[Site "Mumbai"]
[Date "2019.10.06"]
[Round "6.5"]
[White "Beydullayeva, Govhar"]
[Black "Juhasz, Judit"]
[Result "1-0"]
[ECO "E64"]
[WhiteElo "2289"]
[BlackElo "2004"]
[Annotator "ChessBase"]
[PlyCount "83"]
[EventDate "2019.10.02"]
[EventType "swiss"]
[EventCountry "IND"]
[SourceTitle "playchess.com"]
[Source "ChessBase"]
[SourceQuality "1"]
[TimeControl "5400+30"]

1. d4 Nf6 2. c4 g6 3. Nf3 Bg7 4. g3 O-O 5. Bg2 d6 6. Nc3 c5 7. dxc5 dxc5 8. O-O Nc6 9. Be3 Qa5 10. Qb3 Ng4 11. Bf4 e5 12. Bd2 Nd4 13. Nxd4 cxd4 14. Qb5 Qxb5 15. Nxb5 a6 16. Nd6 Rb8 17. c5 Nf6 18. Rac1 Nd7 19. b3 Bf6 20. Bh3 Nb6 21. Nxc8 Nxc8 22. c6 Be7 23. Bh6 f5 24. Bxf8 Kxf8 25. c7 Ra8 26. g4 f4 27. Bg2 Ra7 28. Bd5 Ke8 29. Be6 Ra8 30. Kg2 Ba3 31. Rc2 Ke7 32. Bd5 Ra7 33. Kf3 Bd6 34. h4 h6 35. Be4 Kf7 36. Rd1 Be7 37. e3 fxe3 38. fxe3 Bf6 39. Ke2 g5 40. hxg5 hxg5 41. Rh1 Bg7 42. Rcc1 1-0

[Event "WYCC U16 Girls 2019"]
[Site "Mumbai"]
[Date "2019.10.06"]
[Round "6.6"]
[White "Jain Nityata"]
[Black "Bulatova, Kamaliya"]
[Result "0-1"]
[ECO "B51"]
[WhiteElo "2029"]
[BlackElo "2181"]
[Annotator "ChessBase"]
[PlyCount "114"]
[EventDate "2019.10.02"]
[EventType "swiss"]
[EventCountry "IND"]
[SourceTitle "playchess.com"]
[Source "ChessBase"]
[SourceQuality "1"]
[TimeControl "5400+30"]

1. e4 c5 2. Nf3 d6 3. Bb5+ Nd7 4. O-O a6 5. Bd3 Ngf6 6. Re1 b5 7. c4 Rb8 8. Nc3 b4 9. Nd5 e5 10. Bc2 g6 11. d3 Nxd5 12. exd5 Bg7 13. d4 O-O 14. dxc5 Nxc5 15. Be3 Qc7 16. Qd2 Re8 17. Bh6 Bh8 18. Rac1 f5 19. h4 Qf7 20. h5 e4 21. Nd4 Bd7 22. hxg6 hxg6 23. Rcd1 Qh7 24. Bf4 Be5 25. Nc6 Bxc6 26. dxc6 Ne6 27. Bxe5 dxe5 28. Qd5 Qc7 29. c5 Rbd8 30. Qc4 Kg7 31. Rxd8 Nxd8 32. Rd1 Nxc6 33. Ba4 Rd8 34. Rd6 Nd4 35. Qxa6 Rxd6 36. Qxd6 Qxd6 37. cxd6 Kf6 38. Kf1 Ne6 39. Be8 g5 40. a3 bxa3 41. bxa3 Nc5 42. a4 Ke6 43. d7 Nxd7 44. a5 Nc5 45. Bb5 Kd6 46. Ke1 Kc7 47. g3 f4 48. gxf4 gxf4 49. Be8 Kb7 50. Kd2 Ka6 51. Kc3 Kxa5 52. Kc4 Nd3 53. Kd5 e3 54. fxe3 fxe3 55. Bh5 Nf4+ 56. Ke4 Nxh5 57. Kxe3 Nf6 {[%emt 0:00:00] Kd4} 0-1

[Event "WYCC U16 Girls 2019"]
[Site "Mumbai"]
[Date "2019.10.06"]
[Round "6.7"]
[White "Demchenko, Svitlana"]
[Black "Dahampriya, H K T Dewnethmie"]
[Result "1-0"]
[ECO "B90"]
[WhiteElo "1953"]
[BlackElo "1629"]
[Annotator "NA"]
[PlyCount "121"]
[EventDate "2019.10.02"]
[EventType "swiss"]
[EventCountry "IND"]
[SourceTitle "playchess.com"]
[Source "ChessBase"]
[SourceQuality "1"]
[TimeControl "5400+30"]

1. e4 c5 2. Nf3 d6 3. d4 cxd4 4. Nxd4 Nf6 5. Nc3 a6 6. Be3 e5 7. Nb3 Be6 8. f3 Nbd7 9. Qd2 h5 10. O-O-O Rc8 11. Kb1 Be7 12. Nd5 Bxd5 13. exd5 Nb6 14. Bxb6 Qxb6 15. c4 O-O 16. Bd3 Rfe8 17. Rhe1 g6 18. f4 e4 19. Bxe4 Rxc4 20. Qd3 Rxe4 21. Rxe4 Nxe4 22. Qxe4 Kf8 23. Re1 Qd8 24. a3 Bh4 25. Qxe8+ Qxe8 26. Rxe8+ Kxe8 27. Na5 b5 28. Nc6 Bf2 29. b4 Bg1 30. h3 Bb6 31. Kc2 f5 32. Kd3 Kf7 33. Ke2 Kf6 34. Kd3 Kf7 35. Kd2 Ke8 36. Kd3 Kf7 37. Nb8 a5 38. bxa5 Bxa5 39. Nc6 Be1 40. Nd4 b4 41. Nc2 Bg3 42. axb4 Bxf4 43. b5 Ke7 44. b6 Kd7 45. Kc4 Kc8 46. Kb5 Kb7 47. Na3 Be3 48. Nc4 Bxb6 49. Nxb6 g5 50. Nc4 Kc7 51. Ne3 f4 52. Nf5 g4 53. Kc4 f3 54. gxf3 gxh3 55. Ng3 h4 56. Nh1 Kd7 57. Kd4 Ke7 58. Ke4 Kf6 59. Kf4 h2 60. Nf2 h3 61. Ng4+ 1-0

[Event "WYCC U16 Girls 2019"]
[Site "Mumbai"]
[Date "2019.10.06"]
[Round "6.8"]
[White "Lakshmi C"]
[Black "Mrudul Dehankar"]
[Result "0-1"]
[ECO "E22"]
[WhiteElo "1859"]
[BlackElo "2227"]
[Annotator "ChessBase"]
[PlyCount "146"]
[EventDate "2019.10.02"]
[EventType "swiss"]
[EventCountry "IND"]
[SourceTitle "playchess.com"]
[Source "ChessBase"]
[SourceQuality "1"]
[TimeControl "5400+30"]

1. d4 Nf6 2. c4 e6 3. Nc3 Bb4 4. Qb3 Bxc3+ 5. bxc3 b6 6. f3 Nc6 7. e4 e5 8. d5 Na5 9. Qa4 Nb7 10. Nh3 Nc5 11. Qc2 d6 12. Nf2 O-O 13. g4 Qe8 14. Bg5 Nfd7 15. h4 Nb7 16. Nd1 Ndc5 17. Nb2 c6 18. Be2 cxd5 19. cxd5 Bd7 20. h5 f6 21. Be3 Rc8 22. O-O Qe7 23. Qd2 Rc7 24. Rac1 Rfc8 25. Rf2 Be8 26. Rg2 Kh8 27. Rh2 h6 28. Kh1 Nd8 29. Rg1 Nf7 30. Qe1 Qd7 31. Bd2 Na4 32. Nd1 b5 33. Qf2 Qe7 34. Re1 Ng5 35. Bf1 Nc5 36. Ne3 Bd7 37. Nf5 Qf8 38. Nh4 Kg8 39. Re3 Be8 40. Qe1 Qe7 41. Rf2 Qd7 42. Nf5 Bf7 43. Bg2 Na4 44. f4 exf4 45. Rxf4 Nb6 46. Rg3 Nc4 47. Bc1 Re8 48. Qf1 Rcc8 49. Nxh6+ gxh6 50. Rxf6 Nxe4 51. Bxe4 Rxe4 52. Qf5 Qxf5 53. gxf5+ Kf8 54. Bxh6+ Ke7 55. Bg5 Bxd5 56. Kh2 Kd7 57. h6 Re1 58. Rg1 Re2+ 59. Kh3 Ne5 60. h7 Nf3 61. Rg4 Rh8 62. Rh6 Rh2+ 63. Kg3 Rxh6 64. Bxh6 Rxh7 65. Bf4 Rf7 66. Rg6 Ne5 67. Bxe5 dxe5 68. Ra6 Rxf5 69. Rxa7+ Kd6 70. a4 Rf3+ 71. Kh2 bxa4 72. Rxa4 Rxc3 73. Kg1 e4 0-1

[Event "WYCC U16 Girls 2019"]
[Site "Mumbai"]
[Date "2019.10.06"]
[Round "6.9"]
[White "Zhang, Xiao"]
[Black "Skaslien, Ingrid"]
[Result "1/2-1/2"]
[ECO "D30"]
[WhiteElo "2053"]
[BlackElo "1875"]
[Annotator "NA"]
[PlyCount "106"]
[EventDate "2019.10.02"]
[EventType "swiss"]
[EventCountry "IND"]
[SourceTitle "playchess.com"]
[Source "ChessBase"]
[SourceQuality "1"]
[TimeControl "5400+30"]

1. d4 d5 2. c4 e6 3. Nf3 Nf6 4. e3 Be7 5. Nc3 O-O 6. b3 c5 {[%emt 0:05:23] D37: Queen's Gambit Declined: 5 Bf4} 7. cxd5 (7. Bb2 cxd4 8. Nxd4 a6 9. a3 dxc4 10. Bxc4 b5 11. Be2 Bb7 12. Bf3 Qb6 13. Bxb7 Qxb7 14. Qf3 Qxf3 15. gxf3 Rc8 16. Ke2 {½-½ (16) Andreikin,D (2719)-Matlakov,M (2700) St Petersburg 2018}) 7... Nxd5 8. Nxd5 Qxd5 9. Bc4 Qd8 10. O-O Nc6 $146 ({Predecessor:} 10... a6 11. Qc2 Nd7 12. a4 cxd4 13. Nxd4 Bf6 14. Ba3 Re8 15. Rfd1 {½-½ (49) Bulatkhanova,B (2107)-Vombek,S (1822) Herceg Novi 2006}) 11. Bb2 cxd4 12. Nxd4 Nxd4 13. Bxd4 Bf6 14. Bxf6 Qxf6 15. Qd6 Rd8 16. Qc7 Rd7 17. Qc5 Qd8 18. Rac1 b6 19. Qe5 Bb7 20. Bb5 Rd5 21. Qc7 Qb8 22. a4 a6 23. Be2 Rd2 24. Bh5 g6 25. Qe7 Be4 $14 ({Black should try} 25... Bd5 $11) 26. Qb4 Rd5 27. Be2 Bd3 28. Bf3 a5 29. Qc3 Bxf1 30. Bxd5 exd5 31. Rxf1 Qc8 32. Qd2 Qe6 33. Qd4 Rc8 34. Rd1 Rc5 35. h3 Qc6 36. Rd3 Qe6 37. Kh2 Qe4 38. Qxe4 dxe4 39. Rd8+ Kg7 40. Rb8 Rc6 41. Kg3 Re6 42. Kf4 h6 43. h4 Rf6+ 44. Kg3 Re6 45. Rb7 Kf6 46. Kg4 Rd6 47. Rc7 Re6 48. Rc4 Ke5 49. Rc7 f5+ 50. Kg3 g5 51. hxg5 hxg5 52. Rg7 Kf6 53. Rb7 Ke5 1/2-1/2

[Event "WYCC U16 Girls 2019"]
[Site "Mumbai"]
[Date "2019.10.06"]
[Round "6.10"]
[White "Hajiyeva, Laman"]
[Black "Eesha Ajay Sarda"]
[Result "1-0"]
[ECO "E44"]
[WhiteElo "2038"]
[BlackElo "1744"]
[Annotator "NA"]
[PlyCount "175"]
[EventDate "2019.10.02"]
[EventType "swiss"]
[EventCountry "IND"]
[SourceTitle "playchess.com"]
[Source "ChessBase"]
[SourceQuality "1"]
[TimeControl "5400+30"]

1. d4 Nf6 2. c4 e6 3. Nc3 Bb4 4. e3 b6 5. Nge2 c5 6. a3 Ba5 7. Ng3 Bb7 8. f3 Bxc3+ 9. bxc3 O-O 10. Bd3 Nc6 11. O-O Na5 12. e4 d6 13. e5 dxe5 14. dxe5 Nd7 15. f4 f5 16. Ra2 Qc7 17. Rd2 Rad8 18. Re1 Nb8 19. Qa4 g6 20. Red1 Bc6 21. Qc2 Rd7 22. Nf1 Qd8 23. Be2 Rxd2 24. Rxd2 Qe7 25. Qd1 Nb7 26. Ne3 Rd8 27. Nd5 Qf8 28. Bf3 Kg7 29. Nc7 Qe7 30. Rxd8 Bxf3 31. gxf3 Qxc7 32. Rd3 Na5 33. Rd6 Kf7 34. Qf1 Nb7 35. Qh3 Kg8 36. Rd1 Qc6 37. Qf1 Qa4 38. h4 Qe8 39. Kg2 Nd7 40. Qd3 Nf8 41. Kh3 Kf7 42. Be3 Qa4 43. h5 Qxa3 44. h6 Ke8 45. Bf2 Qa4 46. Bh4 Qd7 47. Qb1 Qc6 48. Qb5 Qxb5 49. cxb5 Nd7 50. c4 Na5 51. Ra1 Nxc4 52. Rxa7 Ne3 53. Ra8+ Kf7 54. Rd8 Nf8 55. Bf6 g5 56. fxg5 Nd5 57. Kg3 Nc3 58. Rd6 Nd5 59. Kf2 c4 60. Ke2 Nc3+ 61. Kd2 Nxb5 62. Rxb6 Nd4 63. Rb7+ Kg6 64. Rg7+ Kh5 65. Ke3 Nb5 66. Rf7 Ng6 67. Rxh7 f4+ 68. Kd2 Nd4 69. Rg7 Nxf3+ 70. Kc3 Nfh4 71. Kxc4 f3 72. Kd3 Kg4 73. Ra7 Kg3 74. Ra1 Kg2 75. h7 f2 76. Ke2 Nf4+ 77. Ke3 Nd5+ 78. Ke4 Ng6 79. h8=Q Nxh8 80. Bxh8 f1=Q 81. Rxf1 Kxf1 82. g6 Ne7 83. g7 Ke2 84. Kf4 Kd3 85. Kg5 Ng8 86. Kg6 Kd4 87. Kf7 Nh6+ 88. Kxe6 {Kd5+} 1-0

[Event "WYCC U16 Girls 2019"]
[Site "Mumbai"]
[Date "2019.10.06"]
[Round "6.11"]
[White "Bristy Mukherjee"]
[Black "Djidjeli, Sarah"]
[Result "1/2-1/2"]
[ECO "A45"]
[WhiteElo "1852"]
[BlackElo "2017"]
[Annotator "NA"]
[PlyCount "85"]
[EventDate "2019.10.02"]
[EventType "swiss"]
[EventCountry "IND"]
[SourceTitle "playchess.com"]
[Source "ChessBase"]
[SourceQuality "1"]
[TimeControl "5400+30"]

1. d4 Nf6 2. Bg5 e6 3. e3 h6 4. Bh4 c5 5. c3 d5 6. Nd2 Nc6 7. f4 Be7 8. Bd3 Qb6 9. Rb1 Bd7 10. Ngf3 cxd4 11. exd4 Nh5 12. g3 Bxh4 13. Nxh4 Nf6 14. Nhf3 O-O-O 15. b4 Ng4 16. Qe2 Rhe8 17. b5 Na5 18. h3 Nf6 19. Ne5 Re7 20. Qf2 Be8 21. O-O Rc7 22. Rfc1 Nd7 23. c4 Nxe5 24. c5 Nxd3 25. cxb6 Rxc1+ 26. Rxc1+ Nxc1 27. bxa7 Kc7 28. Qe1 Nxa2 29. Qb1 b6 30. Qxa2 Bxb5 31. Qa3 Kb7 32. Qb4 Bc6 33. Qe7+ Rd7 34. Qf8 Kxa7 35. Qxg7 b5 36. Qf8 h5 37. g4 hxg4 38. hxg4 Rc7 39. Qa3 Kb6 40. Qc5+ Kb7 41. Qb4 Kb6 42. Qc5+ Kb7 43. Qb4 1/2-1/2